 Dungeon Crawl Stone Soup version 0.30.1-4-g462c640d31 (webtiles) character file.

Game seed: 2967832537372518210

203204 LynnLen the Unseen (level 17, 0/88 HPs)
             Began as a Spriggan Enchanter on Aug 21, 2023.
             Was the Champion of Dithmenos.
             Slain by an entropy weaver simulacrum (3 damage)
             ... on level 2 of the Spider Nest.
             The game lasted 02:33:16 (47010 turns).

LynnLen the Unseen (Spriggan Enchanter)            Turns: 47010, Time: 02:33:16

Health: 0/88       AC: 19    Str:  4    XL:     17   Next: 97%
Magic:  42/45      EV: 29    Int: 23    God:    Dithmenos [******]
Gold:   837        SH:  0    Dex: 17    Spells: 11/44 levels left

rFire   + + .        k - +8 quick blade (venom)
rCold   + + .        h - orb {guile}
rNeg    + . .        v - +6 acid dragon scales
rPois   .            K - +2 hat {Stlth+}
rElec   .            T - +2 cloak "Hesaepyqaj" {rF+ rC+ MP+9}
rCorr   +            (gloves unavailable)
SInv    +            (boots unavailable)
Will    ++++.        B - amulet of the Four Winds {rN+ Will+++ Clar} Stlth *****+++++
                     U - ring "Doipicys" {rF+ Will+ EV+5}
HPRegen 0.34/turn    S - ring of protection from cold
MPRegen 0.29/turn

%: clarity
@: slowed, wreathed by umbra, studying 3 skills, quick
A: very small, no large weapons, unfitting armour, see invisible, speed 3
}: 1/15 runes: barnacled
a: Renounce Religion, Shadow Step, Shadow Form


You were on level 2 of the Spider Nest.
You worshipped Dithmenos.
Dithmenos was exalted by your worship.
You visited 6 branches of the dungeon, and saw 30 of its levels.
You also visited: Sewer, Gauntlet, Ice Cave and Volcano.

You collected 4105 gold pieces.
You spent 3268 gold pieces at shops.

Inventory:

Hand Weapons
 a - a +0 demon whip of flaming
 k - a +8 quick blade of venom (weapon)
Armour
 h - an orb of guile (worn)
 v - +6 acid dragon scales (worn)
 I - a +2 robe of cold resistance
 K - a +2 hat of stealth (worn)
 T - the +2 cloak "Hesaepyqaj" (worn) {rF+ rC+ MP+9}
   (You bought it in a shop on level 2 of the Orcish Mines)

   rF:        It protects you from fire.
   rC:        It protects you from cold.
   MP:        It affects your magic capacity (+9).
 V - a +2 robe of willpower
Jewellery
 e - a ring of protection from fire
 r - a +6 ring of dexterity
 y - a ring of flight
 B - the amulet of the Four Winds (around neck) {rN+ Will+++ Clar}
   (You bought it in a shop on level 2 of the Orcish Mines)

   [amulet of nothing]

   rN:        It protects you from negative energy.
   Clar:      It protects you from confusion, rage, mesmerisation and fear.
   Will:      It greatly increases your willpower.
 D - a +4 ring of slaying
 E - a ring of poison resistance
 J - a ring of resist corrosion
 L - the ring of Comedd {Fire rN+ Will+}
   (You found it in an ice cave)

   [ring of fire]

   It enhances your fire magic.
   rF:        It protects you from fire.
   rC:        It makes you vulnerable to cold.
   rN:        It protects you from negative energy.
   Will:      It increases your willpower.
 M - a ring of positive energy
 S - a ring of protection from cold (right hand)
 U - the ring "Doipicys" (left hand) {rF+ Will+ EV+5}
   (You bought it in a shop on level 2 of the Orcish Mines)

   [ring of evasion]

   EV:        It affects your evasion (+5).
   rF:        It protects you from fire.
   Will:      It increases your willpower.
Wands
 q - a wand of flame (42)
 t - a wand of charming (24)
 A - a wand of iceblast (18)
 G - a wand of polymorph (4)
 P - a wand of digging (13)
Scrolls
 c - a scroll of magic mapping
 i - 16 scrolls of teleportation
 j - 4 scrolls of amnesia
 l - 9 scrolls of poison
 n - 8 scrolls of fog
 u - 5 scrolls of blinking
 C - 9 scrolls of identify
 H - 6 scrolls of silence
 N - 2 scrolls of vulnerability
 Y - a scroll of fear
 Z - 2 scrolls of torment
Potions
 b - 5 potions of brilliance
 d - 4 potions of mutation
 f - 8 potions of lignification
 g - 10 potions of flight
 m - 2 potions of berserk rage
 o - a potion of cancellation
 p - 6 potions of curing
 s - a potion of magic
 w - 8 potions of attraction
 x - a potion of resistance
 z - 5 potions of might
 F - 5 potions of haste
 W - 2 potions of ambrosia
 X - 2 potions of heal wounds
Miscellaneous
 O - a phantom mirror
 Q - a phial of floods
 R - a lightning rod (4/4)


   Skills:
 + Level 9.9 Fighting
 - Level 10.0 Short Blades
 + Level 7.3 Armour
 + Level 15.5 Dodging
 + Level 18.4 Stealth
 + Level 14.0 Spellcasting
 * Level 16.1 Hexes
 - Level 7.0 Transmutations
 - Level 8.8 Ice Magic
 * Level 11.9 Invocations


You had 11 spell levels left.
You knew the following spells:

 Your Spells              Type           Power      Damage    Failure   Level
a - Ensorcelled Hibernat  Hex/Ice        100%       N/A       1%          2
b - Confusing Touch       Hex            74%        N/A       1%          3
c - Tukima's Dance        Hex            74%        N/A       1%          3
d - Metabolic Englaciati  Hex/Ice        32%        N/A       1%          5
e - Yara's Violent Unrav  Hex/Tmut       31%        3d13      1%          5
f - Discord               Hex            37%        N/A       56%         8
g - Enfeeble              Hex            37%        N/A       9%          7

Your spell library contained the following spells:

 Spells                   Type           Power      Damage    Failure   Level
 Slow                     Hex            100%       N/A       0%          1
 Dazzling Flash           Conj/Hex       100%       N/A       1%          3
 Inner Flame              Hex/Fire       52%        N/A       1%          3
 Ozocubu's Armour         Ice            54%        N/A       1%          3
 Summon Guardian Golem    Hex/Summ       52%        N/A       1%          3
 Hailstorm                Conj/Ice       36%        3d9       3%          3
 Ice Form                 Ice/Tmut       51%        N/A       3%          4
 Kiss of Death            Conj/Necr      64%        2d10      8%          1
 Summon Small Mammal      Summ           64%        N/A       8%          1
 Silence                  Hex/Air        26%        N/A       8%          5
 Petrify                  Tmut/Erth      32%        N/A       19%         4
 Call Canine Familiar     Summ           16%        N/A       24%         3
 Vampiric Draining        Necr           16%        2d7       24%         3
 Volatile Blastmotes      Fire/Tloc      32%        2d12      24%         3
 Dispel Undead            Necr           16%        3d10      61%         4
 Iskenderun's Mystic Bla  Conj/Tloc      16%        2d5       61%         4
 Ozocubu's Refrigeration  Ice            27%        4d13      87%         7
 Simulacrum               Ice/Necr       18%        N/A       89%         6
 Agony                    Necr           16%        N/A       91%         5
 Fireball                 Conj/Fire      8%         3d6       91%         5
 Iskenderun's Battlesphe  Conj           16%        2d7       91%         5
 Statue Form              Tmut/Erth      21%        N/A       96%         6
 Conjure Ball Lightning   Conj/Air       8%         3x3d6     100%        6
 Iron Shot                Conj/Erth      8%         9d3       100%        6
 Starburst                Conj/Fire      8%         6d4       100%        6
 Orb of Destruction       Conj           8%         9d6       100%        7
 Spellforged Servitor     Conj/Summ      8%         N/A       100%        7
 Disjunction              Tloc           8%         N/A       100%        8


Dungeon Overview and Level Annotations

Branches:
Dungeon (15/15)            Temple (0/1) D:6            Lair (5/5) D:8
 Shoals (4/4) Lair:2       Spider (3/4) Lair:2        Slime (0/5) Lair:4
    Orc (2/2) D:9             Elf (1/3) Orc:2        Vaults (0/5) D:14
 Depths (0/4) D:15          Sewer (visited)           IceCv (visited)
Volcano (visited)         Gauntlet (visited)

Altars:
Dithmenos
Hepliaklqana
Qazlal
Vehumet
Xom
Yredelemnul

Shops:
D:4 [((   D:6 (   D:10 *   D:15 *   Orc:1 :   Orc:2 (=[**

Portals:
Trove: D:12 (give +6 demon whip)

Annotations:
D:7 3 runed translucent doors, shmup's ghost, novice TeFE
Lair:5 1 runed translucent door, gdog's ghost, journeyman GnDe
Spider:2 1 transporter, Ywnuer Isui's ghost, adept TrFi


Innate Abilities, Weirdness & Mutations

You are very small and have problems with some larger weapons.
You are too small for most types of armour.
You have supernaturally acute eyesight. (SInv)
You cover ground extremely quickly. (Speed+++)


Message History

You emit a cloud of dark smoke.
The emperor scorpion simulacrum freezes you.
You resist.
* * * LOW HITPOINT WARNING * * *
The emperor scorpion simulacrum claws you but does no damage.
The emperor scorpion simulacrum claws you.
* * * LOW HITPOINT WARNING * * *
The emperor scorpion simulacrum freezes you!
You resist.
* * * LOW HITPOINT WARNING * * *
The ghost moth simulacrum completely misses you.
The ghost moth simulacrum hits you!
* * * LOW HITPOINT WARNING * * *
The ghost moth simulacrum freezes you. You resist.
* * * LOW HITPOINT WARNING * * *
You emit a cloud of dark smoke.
The ghost moth simulacrum barely misses you.
Okay, then.
Blink to where?
Press: ? - help, Dir - move target, f - you
Okay, then.
Okay, then.
What are your orders? t - Shout!
Orders for allies: a - Attack new target. r - Retreat! s - Stop attacking. g - Guard the area. f - Follow me.
Anything else - Cancel.
Okay, then.
Okay, then.
Blink to where?
Press: ? - help, Dir - move target
As you read the scroll of blinking, it crumbles to dust.
The wolf spider simulacrum barely misses you.
The wolf spider simulacrum bites you but does no damage.
The wolf spider simulacrum hits itself!
The wolf spider simulacrum bites itself!
The entropy weaver simulacrum barely misses you.
The entropy weaver simulacrum hits you.
You die...

#.^#### ###..^..### #
#.>...#..)#########
####.................#
##..........©........#
#.....#############..#
..^#..#...B.§§§Z§.#..#
.###..#.....§Z§§Z§#..#
## #..#..##.ZW##@.#..#
#..#..#8.§§8#.Z#..# ##
#..#..##...##..#..# .#
#..#.....ZZ....#..# .#
#..#..##..W##..#..# .#
#..#.Z#8...8#..#..# ##
#..#..##..Z##..#..# #
#..#...........#..#
#..#©.$:?$=?...#..#####


You could see a wolf spider simulacrum (confused), a ghost moth simulacrum and
an entropy weaver simulacrum.

Vanquished Creatures
  Arachne (Spider:2)
  Gastronok (D:11)
  Frances (Shoals:1)
  3 krakens
  An emperor scorpion (Spider:1)
  A frost giant (Shoals:4)
  A ghost moth (Spider:1)
  An orc warlord (Orc:2)
  2 broodmothers
  A juggernaut skeleton (D:15)
  A minotaur (Gauntlet)
  A dire elephant (Lair:5)
  A white draconian (IceCv)
  A spark wasp (Spider:3)
  Josephine (Lair:3)
  Snorg (Lair:4)
  7 merfolk impalers
  3 merfolk javelineers
  Harold (Lair:1)
  The ghost of sunglassesatnite the Basher, a journeyman MiBe of Trog (D:10)
  3 entropy weavers
  Fannar (D:11)
  A vault guard (D:14)
  7 hydras
  2 alligator snapping turtles
  An ogre mage (D:15)
  A ghost crab (Gauntlet)
  3 centaur warriors
  3 merfolk avatars
  A jorogumo (Spider:2)
  4 catoblepae
  2 radroaches
  2 death knights
  4 two-headed ogres
  2 alligators (Lair:4)
  A dancing weapon (Elf:1)
  4 merfolk aquamancers
  A deep troll shaman (Lair:5)
  6 boulder beetles
  6 death yaks (Lair:5)
  A tengu warrior (D:13)
  A vampire mage (D:15)
  4 orc high priests
  A thrashing horror (Gauntlet)
  Nergalle (D:11)
  A soul eater (Gauntlet)
  A hell knight (Volcano)
  Amaemon (D:11)
  4 skysharks
  5 pharaoh ants
  2 skeletal warriors (D:15)
  2 sun moths (Spider:2)
  7 sea snakes
  A salamander mystic (Volcano)
  4 orb spiders
  A wizard (D:15)
  A phantasmal warrior (D:14)
  A harpy (shapeshifter) (D:14)
  9 harpies
  6 deep elf pyromancers
  A necromancer (D:15)
  A frost giant zombie (D:15)
  A deep elf zephyrmancer (Elf:1)
  5 orc knights
  14 ugly things
  4 orc sorcerers
  3 steelbarb worms
  11 wolf spiders
  13 cyclopes
  18 manticores
  3 salamanders (Volcano)
  8 elephants (Lair:5)
  7 fauns
  7 merfolk sirens
  2 molten gargoyles (Volcano)
  A stone giant skeleton (D:15)
  5 demonic crawlers
  5 water nymphs
  Maurice (Orc:2)
  A gargoyle (D:11)
  5 torpor snails
  4 black mambas
  Psyche (D:8)
  2 efreet (D:14)
  An orange demon (D:11)
  2 kobold demonologists
  11 cane toads
  2 unseen horrors
  2 minotaur zombies (Gauntlet)
  3 tengu conjurers
  9 komodo dragons
  7 rime drakes
  A freezing wraith (D:14)
  35 merfolk
  21 tarantellas
  5 trolls
  5 polar bears
  6 meliai
  Grinder (D:5)
  9 blink frogs
  A tarantella (shapeshifter) (D:14)
  10 wind drakes
  14 snapping turtles
  11 dream sheep
  7 water elementals
  4 slime creatures (D:12)
  15 jumping spiders
  A shadow (D:12)
  6 wraiths
  2 fire bats (Volcano)
  11 culicivoras
  5 wyverns
  Eustachio (D:6)
  A hog (shapeshifter) (D:15)
  38 yaks
  8 vampire mosquitoes
  2 steam dragons
  8 basilisks
  37 redbacks
  4 swamp worms (Lair:4)
  2 wargs
  A human zombie (D:15)
  2 acid dragons
  17 water moccasins
  3 swamp drakes (Lair:4)
  3 ice beasts
  33 orc warriors
  3 sky beasts (D:7)
  A tengu (shapeshifter) (D:13)
  20 wolves
  3 black bears
  2 small abominations (Gauntlet)
  8 ogres
  8 centaurs
  2 phantoms
  11 bullfrogs
  13 kobold brigands
  2 wyvern zombies (D:7)
  A gnoll sergeant (D:10)
  7 earth elementals (D:13)
  A scorpion (D:6)
  12 wights
  2 water moccasin zombies
  2 lindwurm simulacra (IceCv)
  49 killer bees
  6 howler monkeys
  3 electric eels
  7 komodo dragon simulacra (IceCv)
  3 centaur zombies
  6 lava snakes
  3 jellies
  A gnoll bouda (D:7)
  25 orc priests
  2 bullfrog zombies (D:7)
  4 hounds
  5 iguanas
  A sleepcap (D:5)
  22 orc wizards
  2 killer bee zombies (D:7)
  A howler monkey zombie (D:7)
  22 gnolls
  A river rat (Sewer)
  7 acid dragon simulacra (IceCv)
  13 adders
  4 shadow imps (Gauntlet)
  A white imp (D:8)
  An ufetubus (D:5)
  5 steam dragon simulacra (IceCv)
  5 worms
  3 dart slugs
  65 orcs
  10 endoplasms
  3 giant cockroaches
  8 hobgoblins
  2 jackals (D:5)
  32 kobolds
  7 quokkas
  10 ball pythons
  4 bats
  2 frilled lizards
  6 goblins
  10 rats
1089 creatures vanquished.

Vanquished Creatures (collateral kills)
  A faun (Shoals:2)
  5 orc warriors
  A centaur (D:6)
  6 wights
  2 gnoll boudas (D:7)
  An orc priest (D:8)
  An orc wizard (D:12)
  2 gnolls (D:7)
  4 orcs
  2 kobolds (D:9)
25 creatures vanquished.

Vanquished Creatures (others)
  8 dancing weapons
  12 tentacles (Shoals:3)
20 creatures vanquished.

Grand Total: 1134 creatures vanquished

Notes
Turn   | Place    | Note
-------+----------+-------------------------------------------
     0 | D:1      | LynnLen the Spriggan Enchanter began the quest for the Orb.
     0 | D:1      | Reached XP level 1. HP: 9/9 MP: 5/5
   587 | D:1      | Reached XP level 2. HP: 13/13 MP: 6/6
   594 | D:1      | Learned a level 2 spell: Ensorcelled Hibernation
  1414 | D:2      | Reached XP level 3. HP: 17/17 MP: 6/8
  1735 | D:3      | Learned a level 3 spell: Confusing Touch
  1739 | D:3      | Learned a level 3 spell: Tukima's Dance
  1829 | D:3      | Reached skill level 5 in Stealth
  1829 | D:3      | Reached XP level 4. HP: 21/21 MP: 6/9
  2360 | D:3      | Found a glowing drain.
  2381 | D:3      | Reached skill level 1 in Fighting
  2389 | Sewer    | Entered a sewer
  2532 | Sewer    | Reached XP level 5. HP: 7/25 MP: 10/10
  2656 | Sewer    | Reached skill level 1 in Ice Magic
  2856 | Sewer    | Reached skill level 5 in Hexes
  2856 | Sewer    | Reached XP level 6. HP: 27/30 MP: 5/12
  3654 | Sewer    | Reached XP level 7. HP: 13/33 MP: 8/13
  3939 | D:3      | Reached skill level 6 in Stealth
  4709 | D:4      | Found Fuwkatukh's Antique Weapon Emporium.
  4768 | D:4      | Found a shadowy altar of Dithmenos.
  4768 | D:4      | You fall into a shaft and drop 1 floor!
  4768 | D:5      | Entered Level 5 of the Dungeon
  4799 | D:5      | Noticed Grinder
  4816 | D:5      | Killed Grinder
  4948 | D:5      | Noticed a steam dragon
  4951 | D:4      | Found Wuh Boxiu's Antique Armour Shop.
  4969 | D:4      | Found Deggarif's Weapon Boutique.
  5026 | D:4      | Became a worshipper of Dithmenos the Shadowed
  5468 | D:4      | Identified the +4 ring mail "Goteul" {SInv}
  5996 | D:5      | Reached XP level 8. HP: 39/39 MP: 15/15
  6137 | D:5      | Reached skill level 1 in Invocations
  6142 | D:5      | Reached skill level 5 in Short Blades
  6591 | D:5      | Reached skill level 5 in Dodging
  6597 | D:5      | Reached * piety under Dithmenos
  6598 | D:5      | Reached skill level 7 in Stealth
  6603 | D:5      | Found a basalt altar of Yredelemnul.
  7193 | D:5      | Reached skill level 5 in Spellcasting
  7201 | D:5      | Reached XP level 9. HP: 30/43 MP: 11/17
  7561 | D:5      | Learned a level 5 spell: Metabolic Englaciation
  7975 | D:6      | Found Helam's Antique Weapon Shoppe.
  8026 | D:6      | Reached skill level 8 in Stealth
  8371 | D:6      | Noticed Eustachio
  8388 | D:6      | Killed Eustachio
  8677 | D:6      | Found a staircase to the Ecumenical Temple.
  8855 | D:7      | Reached ** piety under Dithmenos
  9006 | D:7      | Noticed a komodo dragon
  9092 | D:7      | Killed a komodo dragon
  9093 | D:7      | Reached XP level 10. HP: 49/49 MP: 11/20
  9564 | D:7      | Reached skill level 9 in Stealth
 10325 | D:7      | Found a runed translucent gate.
 10326 | D:7      | Found a runed translucent gate.
 10326 | D:7      | Noticed shmup's ghost (novice TeFE)
 10327 | D:7      | Found a runed translucent gate.
 10706 | D:7      | Reached *** piety under Dithmenos
 11092 | D:8      | Identified a scroll of acquirement
 11092 | D:8      | Acquired a book of Misfortune
 11100 | D:8      | Learned a level 5 spell: Yara's Violent Unravelling
 11632 | D:8      | Found a staircase to the Lair.
 11680 | D:8      | Noticed Psyche
 11696 | D:8      | Killed Psyche
 11863 | D:8      | Reached skill level 10 in Stealth
 11912 | D:8      | Reached XP level 11. HP: 53/54 MP: 13/22
 12352 | D:8      | Reached **** piety under Dithmenos
 12804 | D:8      | Reached skill level 5 in Invocations
 12882 | Lair:1   | Entered Level 1 of the Lair of Beasts
 12913 | Lair:1   | Noticed Harold
 12921 | Lair:1   | Killed Harold
 13096 | Lair:1   | Reached skill level 1 in Armour
 13332 | Lair:1   | Reached skill level 5 in Ice Magic
 13513 | Lair:1   | Reached skill level 5 in Fighting
 14019 | Lair:2   | Found a staircase to the Shoals.
 14065 | Lair:2   | Reached skill level 10 in Short Blades
 14118 | Lair:2   | Reached skill level 11 in Stealth
 14219 | Lair:2   | Found a hole to the Spider Nest.
 14219 | Lair:2   | Noticed a pharaoh ant
 14386 | Lair:2   | Learned a level 8 spell: Discord
 14513 | Lair:2   | Reached XP level 12. HP: 60/60 MP: 14/25
 14671 | Lair:2   | Found a dark tunnel.
 14680 | Volcano  | Entered a volcano
 15106 | Volcano  | Found a bloodstained altar of Trog.
 15409 | Lair:2   | Reached ***** piety under Dithmenos
 15602 | Lair:2   | Reached skill level 10 in Hexes
 15705 | Lair:1   | Reached skill level 12 in Stealth
 16281 | Lair:3   | Noticed a catoblepas
 16289 | Lair:3   | Killed a catoblepas
 16290 | Lair:3   | Reached skill level 10 in Dodging
 16336 | Lair:3   | Found a frozen archway.
 16338 | Lair:3   | Noticed Josephine
 16350 | Lair:3   | Killed Josephine
 16350 | Lair:3   | HP: 1/58 [poisoned by Josephine]
 16373 | IceCv    | Entered an ice cave
 16912 | IceCv    | Reached XP level 13. HP: 65/65 MP: 23/27
 17279 | IceCv    | Noticed a white draconian
 17290 | IceCv    | Killed a white draconian
 17345 | IceCv    | Identified the ring of Comedd {Fire rN+ Will+}
 18466 | Lair:4   | Found a staircase to the Slime Pits.
 18639 | Lair:4   | Noticed Snorg
 18643 | Lair:4   | Killed Snorg
 19037 | Lair:4   | Reached skill level 13 in Stealth
 19372 | Lair:4   | Reached skill level 10 in Spellcasting
 19427 | Lair:4   | Identified the +0 battleaxe of Bloody Death {flame, rElec
                  | Str+4 Stlth+}
 19749 | Lair:5   | Entered Level 5 of the Lair of Beasts
 19891 | Lair:5   | Reached ****** piety under Dithmenos
 19990 | Lair:5   | Found a runed translucent door.
 19990 | Lair:5   | Found a shimmering altar of Xom.
 19990 | Lair:5   | Noticed gdog's ghost (journeyman GnDe)
 21149 | Lair:5   | Reached XP level 14. HP: 46/72 MP: 5/29
 21411 | Lair:5   | Learned a level 7 spell: Enfeeble
 21522 | Lair:5   | Reached skill level 14 in Stealth
 23054 | D:9      | Found a staircase to the Orcish Mines.
 23096 | D:9      | Reached skill level 5 in Armour
 23502 | Orc:1    | Entered Level 1 of the Orcish Mines
 23689 | Orc:1    | You fall into a shaft and drop 1 floor!
 23689 | Orc:2    | Entered Level 2 of the Orcish Mines
 23689 | Orc:2    | Noticed an orc warlord
 23705 | Orc:2    | Noticed Maurice
 23716 | Orc:2    | Killed Maurice
 23750 | Orc:2    | Found Inapn's CLEARANCE SALE!.
 25415 | Orc:2    | Found a staircase to the Elven Halls.
 25546 | Orc:1    | Found Qitoa's Vocational Training.
 26459 | Orc:2    | Killed an orc warlord
 26672 | Orc:2    | Found Fedadats's General Store.
 26673 | Orc:2    | Found Owimer's Jewellery Boutique.
 26675 | Orc:2    | Found Seduimel's Antique Armour Boutique.
 26675 | Orc:2    | Found Ronant's Antique Weapon Shop.
 26710 | Orc:2    | Bought a scroll of noise for 15 gold pieces
 26728 | Orc:2    | Bought a glimmering cloak for 332 gold pieces
 26728 | Orc:2    | Identified the +2 cloak "Hesaepyqaj" {rF+ rC+ MP+9} (You
                  | bought it in a shop on level 2 of the Orcish Mines)
 26750 | Orc:2    | Bought the amulet of the Four Winds {rN+ Will+++ Clar} for
                  | 971 gold pieces
 26750 | Orc:2    | Found the amulet of the Four Winds {rN+ Will+++ Clar}
 26750 | Orc:2    | Bought the ring "Doipicys" {rF+ Will+ EV+5} for 889 gold
                  | pieces
 27024 | D:10     | Entered Level 10 of the Dungeon
 27429 | D:10     | Found a hazy altar of Hepliaklqana.
 27480 | D:10     | Found Myjatat's Assorted Antiques.
 27483 | D:10     | Bought a dark potion for 21 gold pieces
 27799 | D:10     | Found a stormy altar of Qazlal.
 27875 | D:10     | Found a runed translucent door.
 27876 | D:10     | Noticed sunglassesatnite's ghost (journeyman MiBe)
 28546 | D:10     | Killed sunglassesatnite's ghost
 28628 | D:11     | Noticed Gastronok
 28656 | D:11     | Killed Gastronok
 28657 | D:11     | Reached skill level 15 in Stealth
 28912 | D:11     | Noticed Nergalle
 28921 | D:11     | Killed Nergalle
 28948 | D:11     | Found a gate leading to a gauntlet.
 28966 | Gauntlet | Entered a Gauntlet
 28966 | Gauntlet | Found a transporter.
 28966 | Gauntlet | Found a transporter.
 28972 | Gauntlet | Found a runed translucent door.
 28977 | Gauntlet | Found a transporter.
 28981 | Gauntlet | Found a transporter.
 28983 | Gauntlet | Found a transporter.
 29006 | Gauntlet | Found a transporter.
 29008 | Gauntlet | Found a transporter.
 29050 | Gauntlet | Found a transporter.
 29053 | Gauntlet | Found a transporter.
 29053 | Gauntlet | Found a transporter.
 29057 | Gauntlet | Found a runed translucent door.
 29057 | Gauntlet | Found a runed translucent door.
 29070 | Gauntlet | Found a transporter.
 29091 | Gauntlet | Found a transporter.
 29101 | Gauntlet | Found a transporter.
 29119 | Gauntlet | Found a transporter.
 29329 | Gauntlet | Reached XP level 15. HP: 65/77 MP: 31/31
 29417 | Gauntlet | Identified the +1 scale mail of the Nightingale {rElec
                  | Regen+}
 29890 | D:11     | Noticed Amaemon
 29897 | D:11     | Killed Amaemon
 29980 | D:11     | Noticed Fannar
 29984 | D:11     | Killed Fannar
 30606 | D:12     | Found a portal to a secret trove of treasure.
 33558 | D:14     | Reached skill level 16 in Stealth
 33665 | D:14     | Found a gate to the Vaults.
 34013 | D:15     | Entered Level 15 of the Dungeon
 34823 | D:15     | Found Noeqoej's Fire Supplies.
 34993 | D:15     | Found a staircase to the Depths.
 35003 | D:15     | Reached XP level 16. HP: 76/82 MP: 33/33
 35305 | D:15     | Reached skill level 10 in Invocations
 35705 | Elf:1    | Entered Level 1 of the Elven Halls
 36244 | Shoals:1 | Entered Level 1 of the Shoals
 36276 | Shoals:1 | Reached skill level 1 in Transmutations
 36452 | Shoals:1 | Noticed Frances
 36511 | Shoals:1 | Killed Frances
 36658 | Shoals:1 | Identified the +8 quarterstaff of Cheibriados's Outrage
                  | {freeze, rN+ Dex+3}
 37467 | Shoals:2 | Reached skill level 17 in Stealth
 38222 | Shoals:2 | Noticed a kraken
 38244 | Shoals:2 | Killed a kraken
 38501 | Shoals:3 | Acquired 401 gold pieces
 38758 | Orc:1    | Bought a manual of Evocations for 1040 gold pieces
 39291 | Shoals:3 | Noticed a kraken
 39573 | Shoals:3 | Acquired a +6 quick blade of venom
 39621 | Shoals:3 | Killed a kraken
 39984 | Shoals:3 | Noticed a kraken
 40030 | Shoals:3 | Killed a kraken
 40505 | Shoals:4 | Entered Level 4 of the Shoals
 40972 | Shoals:4 | Reached skill level 5 in Transmutations
 41195 | Shoals:4 | Found a radiant altar of Vehumet.
 41240 | Shoals:4 | Reached XP level 17. HP: 42/88 MP: 33/35
 41432 | Shoals:4 | Reached skill level 15 in Hexes
 41476 | Shoals:4 | Found a hazy altar of Hepliaklqana.
 42007 | Shoals:4 | Got a barnacled rune of Zot
 42411 | Shoals:4 | Reached skill level 15 in Dodging
 43086 | Spider:1 | Entered Level 1 of the Spider Nest
 43695 | Spider:1 | Reached skill level 18 in Stealth
 43976 | Spider:1 | Identified the +1 robe of Ignis's Reproof {+Inv MP-9 Dex+3}
 44695 | Spider:2 | Noticed Arachne
 44699 | Spider:2 | Killed Arachne
 45221 | Spider:2 | Found a transporter.
 46171 | Spider:2 | Found a transporter.
 46191 | Spider:2 | Noticed Ywnuer Isui's ghost (adept TrFi)
 47009 | Spider:2 | HP: 3/88 [ghost moth simulacrum (5)]
 47010 | Spider:2 | Slain by an entropy weaver simulacrum

Illustrated notes

Levels and vault maps discovered:
D:1:      minmay_arrival_four_loops, layout_basic
D:2:      kennysheep_big_flooded_room, layout_loops_cross, minmay_fountain_box,
          grunt_ministairs_7
D:3:      layout_loops_corners, portal_sewer_entry_b
D:4:      layout_layer_cave, nicolae_dithmenos_the_darkroom, serial_shops, shop,
          nicolae_shop_bloodbath_and_beyond, nicolae_shop_back_alley_shop
D:5:      layout_gridville, lemuel_zombie_altar_yredelemnul, minmay_between,
          uniq_grinder
D:6:      layout_loops_cross, minmay_temple_entry_proselytizer, serial_shops,
          shop, uniq_eustachio
D:7:      layout_rooms, serial_undead, serial_undead_a, serial_undead_f,
          serial_undead_c, serial_undead_a, serial_undead_c, serial_undead_f,
          gammafunk_ghost_nasty_kobolds, minivault_25, kennysheep_pointless_box,
          kennysheep_dice
D:8:      layout_basic, minmay_lair_entry_grove, uniq_psyche
D:9:      layout_stronghold, orc_0_dummy, st_stairs_6
D:10:     wad_woods_minihive, layout_basic, nicolae_overflow_hidden_temple,
          mainiacjoe_overflow_catwalk, hellmonk_ghost_happy_afterlife,
          serial_shops, nicolae_shop_behind_doors
D:11:     layout_long_grid, gauntlet_entry_generic, uniq_nergalle, uniq_fannar,
          uniq_gastronok, uniq_amaemon
D:12:     layout_cave_pools, nicolae_trove_entry_free_sample,
          minmay_crystal_room, hangedman_ranch
D:13:     layout_rooms, hangedman_cracks_in_the_wall
D:14:     layout_cave_pools, david_vaults_5, serial_park_square2
D:15:     gammafunk_depths_entry_grave, layout_loops_corners,
          serial_park_square3 [serial_park_minivault_5x5_5],
          nicolae_shop_fire_sale [nicolae_sub_dead_trees]
Lair:1:   layout_cave_pods, grunt_forest_small_clearings, lemuel_fruit_tree,
          uniq_harold
Lair:2:   layout_chaotic_city, shoals_dummy_entry,
          nicolae_spider_entry_lesser_pyramids, nicolae_volcano_entry_s_turn,
          chequers_serial_rivers_micro_d, chequers_serial_rivers_micro_b,
          beast_lair_carwin_3
Lair:3:   layout_gridlike, portal_ice_cave_entry_pillars_2,
          chequers_serial_rivers_small_3, lemuel_another_geyser, uniq_josephine
Lair:4:   onia_ninara_swampy_vault, layout_layer_cave, dpeg_slime_entry_corner,
          beast_lair_carwin_9, uniq_snorg
Lair:5:   grunt_lair_end_beastmaster, layout_misc_corridors, ebering_ghost_xom,
          serial_forest, infiniplex_forest_clump_long,
          infiniplex_forest_straight_4, infiniplex_forest_clump_double,
          infiniplex_forest_straight_2, infiniplex_forest_straight_2,
          infiniplex_forest_clump_curved, infiniplex_forest_clump_large
Shoals:1: layout_shoals, uniq_frances
Shoals:2: layout_shoals
Shoals:3: layout_shoals
Shoals:4: shoals_end_grunt_ice, layout_shoals, hangedman_feature_mirror
Spider:1: layout_spider_delve, nicolae_spider_nook
Spider:2: nicolae_spider_hilbert_zone_5 [nicolae_spider_hilbert_3_sides_1_open,
          nicolae_spider_hilbert_4_sides_1_open,
          nicolae_spider_hilbert_4_sides_1_open,
          nicolae_spider_hilbert_6_sides_1_open,
          nicolae_spider_hilbert_6_sides_1_open], gammafunk_ghost_mausoleum,
          nicolae_spider_spiderdrome, uniq_arachne
Spider:3: layout_spider_delve
Orc:1:    minmay_goldmine, layout_diamond_mine, nicolae_shop_vocational
Orc:2:    st_orc_congregation, layout_diamond_mine, nicolae_shop_clearance,
          uniq_maurice
Elf:1:    eino_elf_arrival_the_gate, layout_geoelf_diagonals, serial_shops,
          nicolae_shop_advertising_works [nicolae_subvault_shop_adworks],
          orc_legates

Skill      XL: |  1  2  3  4  5  6  7  8  9 10 11 12 13 14 15 16 17 |
---------------+----------------------------------------------------+-----
Hexes          | 4 5 6 7 8 9 10 11 12 13 14 16 | 16.1
Short Blades   | 2 3 4 6 7 8 10 | 10.0
Dodging        | 3 4 5 6 7 8 10 11 12 13 14 15 | 15.5
Spellcasting   | 3 4 5 6 7 8 9 10 11 12 13 14 | 14.0
Stealth        | 5 6 7 8 10 11 12 13 15 16 17 18 | 18.4
Fighting       | 1 2 3 4 5 6 7 8 9 |  9.9
Ice Magic      | 1 2 3 4 5 6 7 8 |  8.8
Invocations    | 2 3 4 5 6 7 8 9 10 11 | 11.9
Armour         | 2 3 4 5 6 7 |  7.3
Transmutations | 5 7 |  7.0

Action                     |  1- 3 |  4- 6 |  7- 9 | 10-12 | 13-15 | 16-18 || total
---------------------------+-------+-------+-------+-------+-------+-------++-------
  Melee: Dagger            |    87 |   159 |   377 |   671 |  1003 |   181 ||  2478
         Demon whip        |       |       |       |       |    58 |     3 ||    61
         Quick blade       |       |       |       |       |       |   415 ||   415
   Cast: Ensorcelled Hiber |     6 |    16 |    36 |   104 |   259 |   210 ||   631
         Tukima's Dance    |       |     3 |    10 |    21 |    24 |     4 ||    62
         Confusing Touch   |       |       |    14 |    50 |    49 |    16 ||   129
         Metabolic Englaci |       |       |       |       |    10 |       ||    10
         Yara's Violent Un |       |       |       |       |       |     1 ||     1
 Invoke: Shadow Step       |       |       |       |       |     1 |     2 ||     3
  Evoke: Wand              |       |       |       |       |     2 |       ||     2
    Use: Scroll            |     6 |       |    11 |     7 |    21 |    11 ||    56
         Potion            |       |       |     2 |     7 |     4 |     7 ||    20
   Stab: Sleeping          |    14 |    12 |    53 |   110 |   308 |   264 ||   761
         Invisible         |       |       |     2 |       |     6 |     2 ||    10
         Confused          |       |       |    12 |    41 |    50 |    14 ||   117
         Distracted        |       |       |     1 |       |     4 |     6 ||    11
 Armour: Robe              |     4 |    16 |    23 |       |     1 |       ||    44
         Steam dragon scal |       |       |    32 |    73 |    34 |       ||   139
         Acid dragon scale |       |       |       |       |    67 |    61 ||   128
  Dodge: Dodged            |    58 |   117 |   297 |   533 |   941 |   538 ||  2484
